AoeStats
← Bonging Dro

Black Forest

507889948Analyzed
4v4 RM · 11d ago on Sep 20, 2026· 63m 30s· 8 players
Game mode
Random Map
Map size
Large (8 player)
Population
200
Speed
Normal
Resources
Standard
Victory
Conquest
Starting age
Dark Age
Ending age
Imperial Age
RankedLock teamsTeams togetherTeam positionsShared explorationLock speedFull tech treeHidden civsTurbo modeCheats
Victory
Defeat
🇺🇸 Burmese · United States
738
+16
🇺🇸 Chinese · United States
737
+17
🇺🇸 Franks · United States
689
+18
🇺🇸 Spanish · United States
684
+19
🇦🇷 Spanish · Argentina
773
-19
🇺🇸 Slavs · United States
766
-18
🇺🇸 Vietnamese · United States
766
-18
🇲🇽 Franks · Mexico
682
-15
GymNASAt
0:33 Loom
13:36 Feudal Age
14:37 Double-Bit Axe
18:07 Wheelbarrow
23:07 Castle Age
21:36 Gold Mining
24:46 Wheelbarrow
23:55 Fishing Lines
25:45 Fletching
26:25 Bodkin Arrow
26:27 Stone Mining
27:36 Gillnets
29:13 Thumb Ring
29:30 Thumb Ring
29:51 Hand Cart
36:56 Bow Saw
36:30 Horse Collar
39:58 Imperial Age
41:08 Ballistics
41:02 Fortified Wall
40:55 Caravan
41:11 Heavy Plow
41:29 Heavy Rocket Cart
44:17 Capped Ram
44:38 Heavy Cavalry Archer
47:00 Masonry
47:52 Chemistry
46:44 Heated Shot
47:01 Bracer
47:15 Forging
46:54 Siege Ram
47:55 Town Watch
47:52 Elite Fire Lancer
48:37 Squires
48:24 Arson
51:14 Stone Shaft Mining
51:14 Gold Shaft Mining
51:45 Two-Man Saw
51:18 Architecture
51:09 Bombard Tower
50:35 Arrowslits
50:41 Guard Tower
50:48 Murder Holes
53:55 Bloodlines
53:45 Husbandry
54:02 Squires
53:47 Arson
54:07 Padded Archer Armor
54:43 Iron Casting
54:15 Scale Barding Armor
54:44 Medium Warships
55:17 Coinage
54:27 Cavalier
58:40 Man-at-Arms
59:35 Elite Chu Ko Nu
60:37 Rocketry
60:38 Conscription
61:09 Siphons
61:26 Shipwright
61:18 Clinker Construction
61:18 Careening
62:13 Blast Furnace
61:34 Chain Barding Armor
61:30 Leather Archer Armor
61:16 Scale Mail Armor
63:20 Town Patrol
Bonging Dro
1:01 Loom
16:35 Feudal Age
17:58 Double-Bit Axe
18:08 Stone Mining
18:12 Gold Mining
18:05 Fishing Lines
20:01 Wheelbarrow
20:46 Horse Collar
25:47 Castle Age
26:56 Bow Saw
27:06 Hand Cart
27:31 Stone Shaft Mining
27:02 Heavy Plow
28:29 Gillnets
31:49 Coinage
31:23 Caravan
39:08 Imperial Age
38:29 Scale Mail Armor
38:39 Forging
38:35 Scale Barding Armor
38:22 Fletching
38:33 Padded Archer Armor
39:27 Chain Mail Armor
39:55 Bloodlines
39:46 Husbandry
39:09 Cavalier
39:12 Light Cavalry
40:28 Banking
40:12 Guilds
41:16 Two-Man Saw
39:53 Man-at-Arms
39:55 Pikeman
40:22 Gambesons
40:38 Squires
40:24 Arson
40:53 Paladin
42:17 Iron Casting
42:02 Chain Barding Armor
41:39 Bodkin Arrow
44:29 Plate Mail Armor
43:24 Long Swordsman
47:58 Blast Furnace
47:34 Plate Barding Armor
47:01 Bracer
47:16 Leather Archer Armor
48:58 Sanctity
48:49 Fervor
48:51 Redemption
48:43 Atonement
49:09 Illumination
49:21 Theocracy
49:03 Block Printing
48:50 Devotion
49:27 Herbal Medicine
49:54 Heresy
52:21 Faith
54:28 Inquisition
54:51 Supremacy
54:53 Conscription
56:56 Faith
56:19 Hussar
Gehoee31
0:59 Loom
15:05 Feudal Age
27:50 Castle Age
27:53 Fletching
27:55 Double-Bit Axe
28:51 Caravan
34:46 Bow Saw
34:56 Scale Barding Armor
37:05 Forging
38:22 Chain Barding Armor
38:27 Husbandry
38:30 Light Cavalry
41:08 Wheelbarrow
41:51 Iron Casting
41:06 Town Watch
42:40 Gold Mining
42:46 Stone Mining
46:45 Imperial Age
46:24 Bodkin Arrow
48:47 Chemistry
48:37 Conscription
47:43 Cavalier
49:09 Hand Cart
50:17 Town Patrol
49:46 Paladin
51:15 Plate Barding Armor
50:55 Fortified Wall
51:26 Chivalry
52:25 Gold Shaft Mining
54:34 Blast Furnace
56:14 Ballistics
58:12 Squires
57:59 Arson
59:04 Siege Engineers
Cowabunga please
0:45 Loom
13:45 Feudal Age
19:59 Castle Age
23:20 Fletching
27:33 Bloodlines
28:39 Husbandry
29:25 Padded Archer Armor
38:30 Bodkin Arrow
42:30 Imperial Age
40:37 Wheelbarrow
39:49 Town Watch
39:57 Gambesons
41:13 Squires
41:19 Scale Mail Armor
42:29 Arson
43:08 Forging
42:39 Man-at-Arms
44:08 Hand Cart
43:37 Long Swordsman
44:23 Two-Handed Swordsman
45:48 Conscription
46:13 Iron Casting
45:24 Champion
46:49 Ballistics
47:45 Town Patrol
48:52 Chain Mail Armor
49:37 Blast Furnace
48:38 Pikeman
49:52 Bracer
49:44 Halberdier
51:08 Stone Mining
51:58 Plate Mail Armor
53:00 Horse Collar
55:30 Siege Engineers
55:35 Gold Mining
wwwSHAKERnet
0:32 Loom
12:20 Feudal Age
12:47 Man-at-Arms
17:38 Double-Bit Axe
22:07 Castle Age
20:30 Horse Collar
21:45 Fletching
21:56 Padded Archer Armor
23:32 Bow Saw
24:06 Wheelbarrow
23:49 Bodkin Arrow
23:25 Elite Skirmisher
26:06 Pikeman
27:13 Thumb Ring
32:48 Leather Archer Armor
36:21 Forging
36:12 Scale Mail Armor
Stavinco
0:28 Loom
13:28 Feudal Age
21:49 Castle Age
22:28 Double-Bit Axe
23:07 Stone Mining
23:57 Wheelbarrow
23:21 Horse Collar
28:31 Fletching
28:42 Padded Archer Armor
29:03 Bow Saw
30:48 Leather Archer Armor
30:04 Elite Skirmisher
39:29 Hand Cart
41:03 Heavy Plow
43:42 Bodkin Arrow
44:08 Scale Barding Armor
43:31 Light Cavalry
max.p
0:36 Loom
12:54 Feudal Age
14:14 Wheelbarrow
14:00 Double-Bit Axe
18:10 Gold Mining
18:14 Stone Mining
26:33 Castle Age
27:04 Forging
27:45 Hand Cart
28:38 Bow Saw
29:06 Gold Shaft Mining
29:10 Iron Casting
29:14 Caravan
29:51 Scale Barding Armor
30:20 Husbandry
36:09 Fervor
40:57 Imperial Age
40:08 #83
39:40 Town Watch
43:41 Cavalier
45:09 Ballistics
44:48 Murder Holes
45:22 Chain Barding Armor
46:03 Blast Furnace
44:35 Pikeman
46:28 Masonry
46:26 Siege Engineers
49:28 Town Patrol
49:41 Halberdier
50:17 Paladin
52:27 Plate Barding Armor
51:55 Scale Mail Armor
51:50 Fletching
56:13 Devotion
61:43 Architecture
61:03 Arrowslits
Arya
2:00 Loom
16:36 Feudal Age
18:04 Horse Collar
18:12 Double-Bit Axe
20:12 Wheelbarrow
22:07 Gold Mining
22:11 Stone Mining
25:41 Castle Age
25:15 Fletching
25:40 Forging
26:51 Bodkin Arrow
27:31 Iron Casting
27:03 Heavy Plow
27:47 Bow Saw
28:13 Town Watch
29:20 Hand Cart
29:45 Stone Shaft Mining
29:42 Caravan
31:15 Scale Barding Armor
32:49 Scale Mail Armor
34:06 Town Watch
35:34 Padded Archer Armor
36:43 Fervor
36:54 Sanctity
36:54 Devotion
37:12 Fortified Wall
37:56 Town Patrol
39:28 Redemption
39:19 Atonement
39:28 Inquisition
40:11 Leather Archer Armor
40:34 Masonry
40:46 Ballistics
40:51 Murder Holes
40:47 Guard Tower
42:20 Chain Barding Armor
44:56 Imperial Age
44:13 Chain Mail Armor
44:52 Coinage
45:24 Herbal Medicine
46:02 Conscription
46:11 Guilds
46:40 Plate Barding Armor
47:35 Two-Man Saw
46:41 Arrowslits
47:39 Bracer
47:46 Elite Conquistador
49:47 Hoardings
49:50 Plate Mail Armor
49:11 Gambesons
49:27 Squires
50:27 Supremacy
51:40 Blast Furnace
51:11 Ring Archer Armor
50:30 Arson
53:06 Sappers
Connection lost

Rejoining the realm…

Still unreachable

The connection could not be restored.

Session expired

The server has moved on; the page needs a fresh start.